Map: Temple gelé

Players

zidar - Winner!

  • Race: Zerg Zerg
  • League: Gold
  • Spawn Location: 11:00

SmackDaPack

  • Race: Terran Terran
  • League: Gold
  • Spawn Location: 5:00

VOD

Have the link to the VOD?

Description

Time

  • Played on: May 20, 2016, 3:32 p.m.
  • Length: 12:23
Show
View Real Time Build Order
Export as new Build Order

zidar Zerg - Winner!

Build Orders: Hatch First 

Get SALT Encoding   

  12  0:01  Drone  
  13  0:12  Overlord  
  13  0:17  Drone  
  14  0:30  Drone x2  
  14  0:34  Drone  
  17  0:56  Hatchery, Drone  
  17  1:01  Extractor  
  17  1:02  Drone  
  17  1:18  Spawning Pool  
  16  1:24  Drone  
  17  1:34  Drone x2  
  19  2:01  Drone  
  20  2:02  Overlord  
  20  2:05  Queen  
  22  2:12  Extractor  
  22  2:14  Drone x3  
  24  2:20  Metabolic Boost  
  24  2:34  Drone x4  
  28  2:44  Queen  
  30  2:54  Overlord  
  30  2:55  Overlord  
  30  3:24  Roach Warren  
  28  3:37  Zergling x2  
  28  3:38  Zergling x16  
  37  4:04  Roach x4  
  37  4:09  Roach x3  
  51  4:12  Overlord  
  51  4:13  Overlord  
  51  4:28  Ravager  
  52  4:36  Ravager x2  
  54  4:40  Roach  
  54  4:41  Roach x5  
  66  4:55  Lair  
  66  5:03  Roach  
  68  5:07  Overlord x2  
  50  5:50  Roach  
  50  5:51  Roach x9  
  65  6:11  Spine Crawler  
  65  6:13  Spine Crawler  
  54  6:36  Queen  
  54  6:38  Drone x2  
  54  6:39  Drone x4  
  62  6:51  Spire  
  61  7:27  Roach x5  
  61  7:28  Roach  
  71  7:45  Roach  
  59  8:02  Hatchery  
  52  8:44  Hatchery  
  51  9:16  Mutalisk x6  
  63  9:27  Ravager  
  63  9:30  Ravager x4  
  68  9:34  Ravager  
  69  9:50  Drone x4  
  73  10:36  Mutalisk x3  
  73  10:38  Roach  
  73  10:39  Roach  
  73  10:40  Zergling x6  
  86  11:23  Mutalisk x2  
  90  11:26  Overlord  
  90  11:27  Overlord x3  
Show
View Real Time Build Order
Export as new Build Order

SmackDaPack Terran 

Build Orders:  

Get SALT Encoding   

  12  0:01  SCV  
  13  0:13  SCV  
  14  0:19  Supply Depot  
  14  0:25  SCV  
  15  0:49  Engineering Bay  
  15  0:50  SCV  
  16  0:58  Refinery  
  16  1:02  SCV  
  17  1:14  SCV  
  17  1:17  Supply Depot  
  18  1:26  Refinery  
  18  1:29  Barracks  
  18  1:37  Barracks  
  18  2:12  Planetary Fortress  
  18  2:19  Barracks  
  18  2:25  Marine, Barracks  
  18  2:29  Marine  
  20  2:48  SCV  
  21  2:56  Marine x2  
  23  3:00  SCV  
  24  3:08  Marine  
  25  3:14  Marine x2, SCV  
  25  3:18  Marine  
  29  3:26  Supply Depot  
  29  3:27  SCV  
  30  3:32  Marine  
  31  3:37  Barracks Tech Lab  
  31  3:46  Terran Infantry Weapons Level 1  
  31  3:48  SCV  
  32  3:50  Marine  
  32  3:54  Marine  
  34  3:56  Marine  
  34  4:00  SCV  
  36  4:05  Supply Depot  
  36  4:07  Marine  
  37  4:13  Combat Shield  
  37  4:26  Missile Turret  
  37  4:29  SCV  
  38  4:32  Marauder  
  38  4:37  Barracks Tech Lab  
  40  4:40  Marine x2  
  42  4:58  Marine  
  37  5:46  Command Center  
  37  5:48  Supply Depot  
  32  6:10  Marine x2, Marauder x2  
  38  6:13  Supply Depot  
  28  6:25  Supply Depot  
  28  6:28  Marine x2  
  28  6:32  Marauder, Engineering Bay  
  32  6:37  Concussive Shells  
  32  6:45  Marine, Supply Depot  
  32  6:46  Marine  
  34  6:52  Marine  
  35  6:58  SCV  
  36  7:03  Marine  
  37  7:09  Terran Infantry Armor Level 1  
  37  7:10  SCV  
  36  7:28  Planetary Fortress  
  36  7:31  Supply Depot  
  36  7:43  Marine x2, Marauder  
  37  8:04  Marauder  
  32  8:24  Marine x2  
  32  8:25  Marauder  
  34  8:28  SCV  
  35  8:40  SCV  
  32  8:42  Marine  
  31  8:52  SCV  
  28  9:04  SCV  
  28  9:08  Marauder  
  30  9:13  Barracks  
  30  9:14  Barracks x2  
  30  9:16  SCV  
  31  9:20  Barracks Tech Lab  
  31  9:28  Neosteel Armor, SCV  
  31  9:29  Marauder  
  34  9:40  SCV  
  35  9:46  Marauder  
  35  9:52  SCV  
  38  9:55  Marauder  
  41  10:00  SCV  
  41  10:04  Barracks Tech Lab x3, SCV  
  42  10:11  Bunker  
  42  10:12  SCV  
  43  10:17  Missile Turret  
  43  10:19  Missile Turret  
  41  10:22  Missile Turret  
  41  10:24  SCV  
  40  10:33  SCV  
  40  10:36  SCV  
  36  10:45  SCV  
  33  10:54  Marauder x2  
  31  10:57  SCV  
  31  11:10  Missile Turret  
  31  11:16  Marine  
  28  11:53  Marine x3  
  28  11:54  Marine  
  32  11:58  Supply Depot  
  26  12:03  Supply Depot  
Tags
 
League
GoldGold
Matchup
TvZ
Spawn Locations
Cross Positions
Add a new tag
Caveats
  • Supply blocks, unpowered buildings, or Contaminate may cause inaccurate times.
  • Supply counts are checked every 10 seconds.